 Dungeon Crawl Stone Soup version 0.31.0-2-g5a2aebc5c2 (webtiles) character file.

Game seed: 3356246346048778890

17782 Aviak the Thaumaturge (level 12, 0/136 HPs)
             Began as a Gnoll Alchemist on Jan 20, 2024.
             Was a Priest of Vehumet.
             Slain by an orc knight
             ... wielding a +3 antimagic dire flail
              (15 damage)
             ... on level 13 of the Dungeon.
             The game lasted 00:29:42 (11211 turns).

Aviak the Thaumaturge (Gnoll Alchemist)            Turns: 11211, Time: 00:29:43

Health: 0/136      AC: 16    Str:  9    XL:     12   Next: 51%
Magic:  25/25      EV: 13    Int: 18    God:    Vehumet [***...]
Gold:   621        SH:  0    Dex: 13    Spells: 5/29 levels left

rFire   . . .        B - +5 flail (holy)
rCold   . . .        (no shield)
rNeg    . . .        J - +0 swamp dragon scales {rPois}
rPois   +            d - +0 helmet
rElec   .            L - +1 cloak
rCorr   +            H - +2 pair of gloves
SInv    .            (no boots)
Will    .....        b - amulet of regeneration Stlth
                     z - ring of wizardry
HPRegen 1.22/turn    S - ring of resist corrosion
MPRegen 0.19/turn

%: wizardry (x1)
@: berserking, very quick
A: fangs 1, strong nose, distributed training
a: Renounce Religion


You were on level 13 of the Dungeon.
You worshipped Vehumet.
Vehumet was most pleased with you.
You visited 2 branches of the dungeon, and saw 14 of its levels.

You collected 777 gold pieces.
You spent 156 gold pieces at shops.

Inventory:

Hand Weapons
 B - a +5 flail of holy wrath (weapon)
 N - a +5 trident
Armour
 d - a +0 helmet (worn)
 v - the +3 leather armour of Sloth {rCorr MP-9 Str+4 Dex+3}
   (You found it on level 5 of the Dungeon)

   Str+4:     It affects your strength (+4).
   Dex+3:     It affects your dexterity (+3).
   MP-9:      It affects your magic capacity (-9).
   rCorr:     It protects you from acid and corrosion.
 C - a +2 ring mail of fire resistance
 G - a scarf of shadows
 H - a +2 pair of gloves (worn)
 J - +0 swamp dragon scales (worn) {rPois}
 L - a +1 cloak (worn)
Jewellery
 b - an amulet of regeneration (around neck)
 q - a ring of fire
 z - a ring of wizardry (left hand)
 D - an amulet of magic regeneration
 O - a ring of positive energy
 P - a ring of poison resistance
 S - a ring of resist corrosion (right hand)
Talismans
 o - a flux talisman
Wands
 j - a wand of mindburst (20)
 l - a wand of flame (34)
 n - a wand of polymorph (7)
 r - a wand of paralysis (10)
 R - a wand of roots (7)
Scrolls
 a - 2 scrolls of enchant armour
 i - 2 scrolls of identify
 k - a scroll of brand weapon {unknown}
 m - 2 scrolls of enchant weapon
 p - a scroll of immolation {unknown}
 t - 2 scrolls of fog
 u - a scroll of vulnerability {unknown}
 y - 3 scrolls of blinking {unknown}
 A - 3 scrolls of amnesia {unknown}
 F - 5 scrolls of revelation
 K - a scroll of silence {unknown}
 M - 2 scrolls of torment {unknown}
 Q - 3 scrolls of teleportation {unknown}
 V - a scroll of fear {unknown}
Potions
 c - 8 potions of curing
 e - 2 potions of ambrosia {unknown}
 f - a potion of cancellation {unknown}
 g - 5 potions of might
 h - 3 potions of heal wounds
 s - 2 potions of invisibility {unknown}
 w - 3 potions of mutation {!q}
 x - 3 potions of enlightenment
 E - 2 potions of haste {unknown}
 I - 3 potions of degeneration {unknown}
 T - a potion of berserk rage {unknown}
 U - a potion of brilliance {unknown}


   Skills:
 + Level 7.6 Fighting
 + Level 7.6 Short Blades
 + Level 7.6 Long Blades
 + Level 7.6 Axes
 + Level 7.6 Maces & Flails
 + Level 7.6 Polearms
 + Level 7.6 Staves
 + Level 7.6 Ranged Weapons
 + Level 7.6 Throwing
 + Level 7.6 Armour
 + Level 9.0 Dodging
 + Level 8.8 Stealth
 + Level 7.6 Shields
 + Level 7.6 Unarmed Combat
 + Level 9.2 Spellcasting
 + Level 6.7 Conjurations
 + Level 6.3 Hexes
 + Level 6.3 Summonings
 + Level 6.3 Necromancy
 + Level 6.3 Translocations
 + Level 6.3 Fire Magic
 + Level 6.3 Ice Magic
 + Level 6.3 Air Magic
 + Level 6.3 Earth Magic
 + Level 8.5 Alchemy
 + Level 8.4 Invocations
 + Level 7.6 Evocations
 + Level 7.0 Shapeshifting


You had 5 spell levels left.
You knew the following spells:

 Your Spells              Type           Power      Damage    Failure   Level
a - Sting                 Conj/Alch      100%       1d9       1%          1
b - Mercury Vapours       Alch/Air       70%        N/A       1%          2
c - Olgreb's Toxic Radia  Alch           38%        N/A       1%          4
d - Frozen Ramparts       Ice            62%        1d10      1%          3
e - Searing Ray           Conj           64%        2d6       1%          2
f - Mephitic Cloud        Conj/Alch/Air  34%        N/A       1%          3
v - Arcjolt               Conj/Air       15%        1d25      4%          5
w - Sticky Flame          Fire/Alch      35%        2d7       1%          4

Your spell library contained the following spells:

 Spells                   Type           Power      Damage    Failure   Level
 Airstrike                Air            15%        2d(3-19)  1%          4
 Slow                     Hex            100%       N/A       1%          1
 Ensorcelled Hibernation  Hex/Ice        62%        N/A       1%          2
 Confusing Touch          Hex            31%        N/A       1%          3
 Passwall                 Erth           31%        N/A       1%          3
 Sigil of Binding         Hex            31%        N/A       1%          3
 Swiftness                Air            31%        N/A       1%          3
 Vampiric Draining        Necr           31%        2d8       1%          3
 Leda's Liquefaction      Alch/Erth      17%        N/A       4%          4
 Petrify                  Alch/Erth      35%        N/A       4%          4
 Vhi's Electric Charge    Tloc/Air       62%        N/A       6%          4
 Metabolic Englaciation   Hex/Ice        15%        N/A       16%         5
 Plasma Beam              Fire/Air       15%        2x1d27    21%         6


Dungeon Overview and Level Annotations

Branches:
Dungeon (13/15)            Temple (1/1) D:6            Lair (0/5) D:8
    Orc (0/2) D:12
 Vaults: D:13-14

Altars:
Ashenzari
Cheibriados
Dithmenos
Elyvilon
Fedhas
Gozag
Hepliaklqana
Kikubaaqudgha
Makhleb
Nemelex Xobeh
Okawaru
Qazlal
Ru
Sif Muna
Trog
Uskayaw
Vehumet
Wu Jian
Xom
Yredelemnul
Zin
The Shining One

Shops:
D:2 [   D:5 *   D:11 =   D:12 (

Portals:
Trove: D:11 (give +2 gold dragon scales)

Annotations:
D:13 1 transporter, t4s4d4r's ghost, journeyman OnHs


Innate Abilities, Weirdness & Mutations

You have very sharp teeth.
Your uncanny sense of smell can sniff out nearby items.
Your experience applies equally to all skills.


Message History

Okay, then.
Found a scroll of identify and a scroll of enchant weapon.
Found a transporter.
Found a ring of fire.
Found a transporter.
Found a notched golden ring.
There is a transporter here.
You enter the transporter and appear at another place.
A troll comes into view.
The moth of wrath goads the two-headed ogre on!
The two-headed ogre goes berserk!
The moth of wrath bites you!
The orc knight roars a battlecry!
The orc knight goes into a battle-frenzy!
The two-headed ogre hits you with a +0 giant club!
The two-headed ogre hits you with a +0 giant club!!
The orc knight barely misses you.
The moth of wrath bites you but does no damage.
The troll shouts!
T4s4d4r's ghost turns its malevolent gaze towards you.
Okay, then.
Okay, then.
As you read the scroll labelled QIUHAD NEROR BINN, it dissolves into smoke.
It was a scroll of fog.
The moth of wrath bites you! The orc knight barely misses you.
The orc knight roars a battlecry!
The orc knight goes into a battle-frenzy!
The two-headed ogre hits you with a +0 giant club!
* * * LOW HITPOINT WARNING * * *
The two-headed ogre barely misses you. The moth of wrath bites you.
* * * LOW HITPOINT WARNING * * *
The moth of wrath infuriates you!
A red film seems to cover your vision as you go berserk!
You feel yourself moving faster!
You feel mighty! The moth of wrath bites you!
* * * LOW HITPOINT WARNING * * *
You thump the two-headed ogre! You punch the two-headed ogre.
You bite the two-headed ogre.
The two-headed ogre is lightly wounded.
The moth of wrath barely misses you.
The orc knight hits you with a +3 antimagic dire flail!
You die...

#.....#.......### ∆
##..............## ...
##.......#####....# ....
#......###C©.###..## .....
......## #.....##..# ....#
......# ##....##..##.....
...#.####≈#.######.....#
#.#..#...#?.. #Oy#...###
#...©#....?_.##y@#©..##
###..#...#=:T.Too#....#
####.##.##≈#..T§##....#
.###..#..###....#..#...#
......# #.#.W..##..##...#
....#..# #...###..## .....
#..##....#####....####....
#..# #....................
^..## #..................


You could see 2 orc knights, a two-headed ogre (berserk), 2 moths of wrath, 2
trolls and t4s4d4r's ghost.

Vanquished Creatures
  A hydra (D:13)
  2 boulder beetles
  4 two-headed ogres
  Pikel (D:6)
  An ugly thing (D:11)
  A manticore (D:11)
  An unseen horror (D:10)
  A gargoyle (D:12)
  Maggie (D:6)
  3 kobold demonologists
  A guardian mummy (D:11)
  A hornet (D:8)
  3 trolls
  20 yaks
  3 wyverns
  2 basilisks (D:8)
  A steam dragon (D:9)
  Edmund (D:4)
  6 water moccasins
  Menkaure (D:6)
  An ice beast (D:5)
  2 orc warriors
  A sky beast (D:7)
  3 ogres
  19 centaurs
  4 lemures (D:6)
  2 phantoms (D:5)
  4 kobold brigands
  2 bullfrogs
  A gnoll sergeant (D:10)
  3 scorpions
  13 wights
  9 killer bees
  2 howler monkeys
  A crimson imp (D:3)
  A gnoll bouda (D:6)
  4 hounds
  3 jellies
  4 orc priests
  Crazy Yiuf (D:6)
  2 iguanas
  Jessica (D:2)
  2 sleepcaps
  Terence (D:2)
  Natasha (thrice) (D:2)
  8 orc wizards
  Robin (D:3)
  12 gnolls
  11 adders
  3 dart slugs
  4 ribbon worms
  19 orcs
  4 endoplasms
  A giant cockroach (D:3)
  13 hobgoblins
  19 kobolds
  9 quokkas
  6 ball pythons
  6 bats
  3 frilled lizards
  17 goblins
  5 rats
285 creatures vanquished.

Notes
Turn   | Place    | Note
-------+----------+-------------------------------------------
     0 | D:1      | Aviak the Gnoll Alchemist began the quest for the Orb.
     0 | D:1      | Reached XP level 1. HP: 13/13 MP: 6/6
   246 | D:1      | Reached XP level 2. HP: 19/19 MP: 5/7
   924 | D:1      | HP: 1/20 [ribbon worm (3)]
  1052 | D:2      | Reached skill level 5 in Spellcasting
  1052 | D:2      | Reached XP level 3. HP: 25/25 MP: 2/9
  1149 | D:2      | Reached skill level 1 in Invocations
  1154 | D:2      | Learned a level 2 spell: Mercury Vapours
  1239 | D:2      | Noticed Terence
  1248 | D:2      | Killed Terence
  1249 | D:2      | Reached skill level 1 in Fighting
  1249 | D:2      | Reached skill level 1 in Short Blades
  1249 | D:2      | Reached skill level 1 in Long Blades
  1249 | D:2      | Reached skill level 1 in Axes
  1249 | D:2      | Reached skill level 1 in Maces & Flails
  1249 | D:2      | Reached skill level 1 in Polearms
  1249 | D:2      | Reached skill level 1 in Staves
  1249 | D:2      | Reached skill level 1 in Ranged Weapons
  1249 | D:2      | Reached skill level 1 in Throwing
  1249 | D:2      | Reached skill level 1 in Armour
  1249 | D:2      | Reached skill level 1 in Shields
  1249 | D:2      | Reached skill level 1 in Unarmed Combat
  1249 | D:2      | Reached skill level 1 in Evocations
  1249 | D:2      | Reached skill level 1 in Shapeshifting
  1249 | D:2      | Reached XP level 4. HP: 19/32 MP: 0/11
  1371 | D:2      | Noticed Natasha
  1377 | D:2      | Killed Natasha
  1378 | D:2      | Reached skill level 1 in Hexes
  1378 | D:2      | Reached skill level 1 in Summonings
  1378 | D:2      | Reached skill level 1 in Necromancy
  1378 | D:2      | Reached skill level 1 in Translocations
  1378 | D:2      | Reached skill level 1 in Fire Magic
  1378 | D:2      | Reached skill level 1 in Ice Magic
  1378 | D:2      | Reached skill level 1 in Air Magic
  1378 | D:2      | Reached skill level 1 in Earth Magic
  1593 | D:2      | Noticed Jessica
  1601 | D:2      | Killed Jessica
  1602 | D:2      | Reached XP level 5. HP: 37/37 MP: 8/12
  1702 | D:2      | Found Xivoxut's Armour Shop.
  1870 | D:2      | Noticed Natasha
  1880 | D:2      | Killed Natasha
  1901 | D:2      | Noticed Natasha
  1905 | D:2      | Killed Natasha
  2057 | D:3      | Noticed Robin
  2137 | D:3      | Killed Robin
  2333 | D:3      | Reached XP level 6. HP: 41/42 MP: 8/13
  2431 | D:3      | Found a shimmering altar of Xom.
  2588 | D:2      | Learned a level 3 spell: Mephitic Cloud
  2606 | D:3      | Reached skill level 5 in Dodging
  3001 | D:4      | Reached XP level 7. HP: 51/51 MP: 8/15
  3169 | D:4      | Reached skill level 5 in Stealth
  3425 | D:4      | Noticed Edmund
  3451 | D:4      | Killed Edmund
  3800 | D:4      | Found a blossoming altar of Fedhas.
  3805 | D:4      | Found a sacrificial altar of Ru.
  3867 | D:5      | Entered Level 5 of the Dungeon
  3892 | D:5      | Reached XP level 8. HP: 41/58 MP: 16/16
  3966 | D:5      | Found an opulent altar of Gozag.
  3984 | D:5      | Found Goffaoschink's General Store.
  3989 | D:5      | Found Macium's Specific Store.
  3993 | D:5      | Bought a scroll of revelation for 90 gold pieces
  3997 | D:5      | Bought a scroll of identify for 22 gold pieces
  3997 | D:5      | Bought a potion of might for 44 gold pieces
  4046 | D:5      | Learned a level 4 spell: Olgreb's Toxic Radiance
  4081 | D:5      | Identified the +3 leather armour of Sloth {rCorr MP-9 Str+4
                  | Dex+3}
  4415 | D:6      | Noticed Maggie
  4441 | D:6      | Killed Maggie
  4579 | D:6      | Found a staircase to the Ecumenical Temple.
  4579 | D:6      | Noticed Menkaure
  4587 | D:6      | Killed Menkaure
  4598 | Temple   | Entered the Ecumenical Temple
  4618 | Temple   | Became a worshipper of Vehumet
  4664 | D:6      | Reached XP level 9. HP: 65/65 MP: 18/18
  4724 | D:6      | Noticed Pikel
  4744 | D:6      | Killed Pikel
  4954 | D:6      | Reached skill level 5 in Invocations
  4990 | D:6      | Reached * piety under Vehumet
  4990 | D:6      | Offered knowledge of Magic Dart by Vehumet.
  5039 | D:6      | Learned a level 4 spell: Sticky Flame
  5080 | D:6      | Found a runed translucent door.
  5081 | D:6      | Noticed Crazy Yiuf
  5186 | D:6      | Killed Crazy Yiuf
  5466 | D:7      | Noticed a two-headed ogre
  5478 | D:7      | Killed a two-headed ogre
  5479 | D:7      | Reached skill level 5 in Fighting
  5479 | D:7      | Reached skill level 5 in Short Blades
  5479 | D:7      | Reached skill level 5 in Long Blades
  5479 | D:7      | Reached skill level 5 in Axes
  5479 | D:7      | Reached skill level 5 in Maces & Flails
  5479 | D:7      | Reached skill level 5 in Polearms
  5479 | D:7      | Reached skill level 5 in Staves
  5479 | D:7      | Reached skill level 5 in Ranged Weapons
  5479 | D:7      | Reached skill level 5 in Throwing
  5479 | D:7      | Reached skill level 5 in Armour
  5479 | D:7      | Reached skill level 5 in Shields
  5479 | D:7      | Reached skill level 5 in Unarmed Combat
  5479 | D:7      | Reached skill level 5 in Evocations
  5479 | D:7      | Reached XP level 10. HP: 29/74 MP: 10/20
  5910 | D:7      | Reached skill level 5 in Conjurations
  5914 | D:7      | Reached skill level 5 in Shapeshifting
  5996 | D:7      | Found a bloodstained altar of Trog.
  6402 | D:8      | Found an ancient bone altar of Kikubaaqudgha.
  6560 | D:8      | Reached ** piety under Vehumet
  6632 | D:8      | Found a staircase to the Lair.
  6655 | D:8      | Offered knowledge of Searing Ray by Vehumet.
  6666 | D:8      | Reached skill level 5 in Hexes
  6666 | D:8      | Reached skill level 5 in Summonings
  6666 | D:8      | Reached skill level 5 in Necromancy
  6666 | D:8      | Reached skill level 5 in Translocations
  6666 | D:8      | Reached skill level 5 in Fire Magic
  6666 | D:8      | Reached skill level 5 in Ice Magic
  6666 | D:8      | Reached skill level 5 in Air Magic
  6666 | D:8      | Reached skill level 5 in Earth Magic
  6669 | D:8      | Learned a level 2 spell: Searing Ray
  6676 | D:8      | Reached XP level 11. HP: 65/81 MP: 2/22
  7012 | D:8      | Found a sparkling altar of Nemelex Xobeh.
  8091 | D:9      | Learned a level 3 spell: Frozen Ramparts
  8190 | D:9      | Offered knowledge of Dazzling Flash by Vehumet.
  8329 | D:10     | Entered Level 10 of the Dungeon
  8438 | D:10     | Reached *** piety under Vehumet
  8524 | D:10     | Noticed a two-headed ogre
  8541 | D:10     | Killed a two-headed ogre
  9001 | D:10     | Found a glowing silver altar of Zin.
  9091 | D:11     | Noticed a boulder beetle
  9120 | D:11     | Killed a boulder beetle
  9265 | D:11     | Noticed a manticore
  9275 | D:11     | Killed a manticore
  9352 | D:11     | Noticed a cyan ugly thing
  9358 | D:11     | Killed a cyan ugly thing
  9466 | D:11     | Noticed a two-headed ogre
  9477 | D:11     | Killed a two-headed ogre
  9477 | D:11     | Offered knowledge of Airstrike by Vehumet.
  9478 | D:11     | Reached XP level 12. HP: 89/91 MP: 11/24
  9577 | D:11     | Found Judwesagg's Jewellery Boutique.
  9729 | D:11     | Found a portal to a secret trove of treasure.
  9993 | D:12     | Found Tofuef's Weapon Shoppe.
 10025 | D:12     | Learned a level 5 spell: Arcjolt
 10070 | D:12     | Noticed a two-headed ogre
 10076 | D:12     | Killed a two-headed ogre
 10468 | D:12     | Found a staircase to the Orcish Mines.
 10717 | D:12     | Noticed a boulder beetle
 10726 | D:12     | Killed a boulder beetle
 10973 | D:13     | Noticed a five-headed hydra
 10989 | D:13     | Killed a five-headed hydra
 11170 | D:13     | Noticed a two-headed ogre
 11184 | D:13     | Found a bloodstained altar of Trog.
 11196 | D:13     | Found a transporter.
 11196 | D:13     | Noticed an ettin
 11203 | D:13     | Found a transporter.
 11206 | D:13     | Noticed t4s4d4r's ghost (journeyman OnHs)
 11211 | D:13     | Slain by an orc knight

Illustrated notes

Levels and vault maps discovered:
D:1:      dpeg_arrival_rooms_c, layout_loops_cross
D:2:      layout_rooms, serial_shops, shop, uniq_natasha, uniq_jessica,
          uniq_terence
D:3:      layout_basic, led_xom_imps, uniq_robin
D:4:      minmay_wonky_spiral, layout_basic, minitemple, enter_ossuary_2,
          minmay_close_crescents, uniq_edmund
D:5:      layout_rooms, grunt_gozag_breadcrumbs, nicolae_specific_store,
          item_on_display_a
D:6:      layout_rooms, minmay_temple_entry_tees, grunt_ministairs_13,
          uniq_menkaure, uniq_maggie, uniq_crazy_yiuf_cottage, uniq_pikel
D:7:      layout_gridville, trog_book
D:8:      layout_loops_corners, nemelex_diamond_rough_becter,
          kiku_gazebo_garden_becter, minmay_lair_entry_grove
D:9:      layout_roguey
D:10:     layout_cave_pools, zin_statuary, hive_lemuel
D:11:     layout_roguey, serial_shops, nicolae_shop_tiny_waterfront,
          nicolae_trove_entry_path_of_doom
D:12:     layout_irregular_city, orc_0_dummy, serial_shops, shop,
          grunt_decor_resistance
D:13:     layout_layer_cave, gammafunk_ghost_wrathful_warriors
Temple:   jpeg_temple_clearing

Skill      XL: |  1  2  3  4  5  6  7  8  9 10 11 12 |
---------------+-------------------------------------+-----
Conjurations   | 2 3 4 5 6 |  6.7
Spellcasting   | 5 6 7 8 9 |  9.2
Invocations    | 1 2 3 4 5 6 7 8 |  8.4
Fighting       | 1 2 3 5 6 7 |  7.6
Short Blades   | 1 2 3 5 6 7 |  7.6
Long Blades    | 1 2 3 5 6 7 |  7.6
Axes           | 1 2 3 5 6 7 |  7.6
Maces & Flails | 1 2 3 5 6 7 |  7.6
Polearms       | 1 2 3 5 6 7 |  7.6
Staves         | 1 2 3 5 6 7 |  7.6
Ranged Weapons | 1 2 3 5 6 7 |  7.6
Throwing       | 1 2 3 5 6 7 |  7.6
Armour         | 1 2 3 5 6 7 |  7.6
Shields        | 1 2 3 5 6 7 |  7.6
Unarmed Combat | 1 2 3 5 6 7 |  7.6
Evocations     | 1 2 3 5 6 7 |  7.6
Shapeshifting  | 1 2 3 4 5 6 7 |  7.0
Hexes          | 1 2 3 4 5 6 |  6.3
Summonings     | 1 2 3 4 5 6 |  6.3
Necromancy     | 1 2 3 4 5 6 |  6.3
Translocations | 1 2 3 4 5 6 |  6.3
Fire Magic     | 1 2 3 4 5 6 |  6.3
Ice Magic      | 1 2 3 4 5 6 |  6.3
Air Magic      | 1 2 3 4 5 6 |  6.3
Earth Magic    | 1 2 3 4 5 6 |  6.3
Dodging        | 5 6 7 8 9 |  9.0
Stealth        | 5 6 7 8 |  8.8
Alchemy        | 6 7 8 |  8.5

Action                     |  1- 3 |  4- 6 |  7- 9 | 10-12 || total
---------------------------+-------+-------+-------+-------++-------
  Melee: Unarmed           |    12 |    15 |       |       ||    27
         Bite              |     1 |    26 |    27 |    44 ||    98
         Flail             |       |   248 |   208 |   324 ||   780
         Punch             |       |     9 |     7 |    19 ||    35
         Trident           |       |       |    18 |       ||    18
   Cast: Sting             |    56 |    15 |       |       ||    71
         Mercury Vapours   |     4 |    48 |     9 |     3 ||    64
         Mephitic Cloud    |       |       |     5 |     1 ||     6
         Olgreb's Toxic Ra |       |       |    10 |    42 ||    52
         Sticky Flame      |       |       |     1 |    25 ||    26
         Searing Ray       |       |       |       |    13 ||    13
         Frozen Ramparts   |       |       |       |    13 ||    13
  Evoke: Wand              |       |       |     6 |       ||     6
    Use: Potion            |     1 |       |       |       ||     1
         Scroll            |       |     1 |       |     6 ||     7
   Stab: Sleeping          |       |     3 |     7 |     4 ||    14
         Paralysed         |       |       |     6 |       ||     6
         Confused          |       |       |     1 |     1 ||     2
 Armour: Robe              |    16 |   243 |    63 |       ||   322
         Ring mail         |       |       |    65 |       ||    65
         Swamp dragon scal |       |       |    80 |   517 ||   597
  Dodge: Dodged            |    16 |   314 |   143 |   382 ||   855
